 Dungeon Crawl Stone Soup version 0.29.1-4-g47bece8355 (webtiles) character file.

Game seed: 17984228993887306882

84 ChrisAssaf the Sneak (level 4, -6/35 HPs)
             Began as a Naga Brigand on Dec 12, 2022.
             Was a Follower of Vehumet.
             Engulfed by a steam dragon's steam (10 damage)
             ... on level 3 of the Dungeon.
             The game lasted 00:12:10 (2457 turns).

ChrisAssaf the Sneak (Naga Brigand)                 Turns: 2457, Time: 00:12:10

Health: -6/35      AC:  4    Str: 14    XL:     4   Next: 45%
Magic:  4/4        EV:  9    Int: 19    God:    Vehumet [*.....]
Gold:   126        SH:  0    Dex: 12    Spells: 0/5 levels left

rFire   . . .      SeeInvis +   r - +2 dagger (venom)
rCold   . . .      Faith    .   (no shield)
rNeg    . . .      Spirit   .   b - +0 robe
rPois   +          Reflect  .   (no helmet)
rElec   .          Harm     .   c - +1 cloak
rCorr   .          Rampage  .   (no gloves)
Will    .....      Clarity  +   (no barding)
Stlth   +++.......              (no amulet)
HPRegen 0.11/turn               j - +6 ring of intelligence
MPRegen 0.09/turn               (no ring)

@: flying, very slow
A: AC +1, large, see invisible, deformed body, poison resistance, slowness 2,
spit poison 1, naga tail 1, clarity, frail 1, low MP 1, MP-powered wands
a: Spit Poison, Renounce Religion


You were on level 3 of the Dungeon.
You worshipped Vehumet.
Vehumet was aware of your devotion.
You visited 1 branch of the dungeon, and saw 3 of its levels.

You collected 126 gold pieces.

Inventory:

Hand Weapons
 a - a +2 dagger
 r - a +2 dagger of venom (weapon)
Missiles
 d - 9 poisoned darts
 e - 3 curare-tipped darts (quivered)
Armour
 b - a +0 robe (worn)
 c - a +1 cloak (worn)
Jewellery
 j - a +6 ring of intelligence (left hand)
Wands
 o - a wand of polymorph (7)
Scrolls
 h - a scroll of immolation
 l - a scroll of vulnerability
 m - a scroll of teleportation
 p - a scroll of fear {unknown}
 t - a scroll of poison {unknown}
Potions
 f - a potion of invisibility {unknown}
 i - a potion of lignification {unknown}
 k - a potion of resistance {unknown}
 n - a potion of cancellation {unknown}
 q - a potion of flight
 s - a potion of curing {unknown}
 u - a potion of brilliance {unknown}


   Skills:
 * Level 2.1 Fighting
 * Level 2.2 Short Blades
 * Level 2.0 Throwing
 * Level 0.6 Armour
 * Level 1.1 Dodging
 * Level 7.2 Stealth
 * Level 1.0 Spellcasting
 * Level 0.3 Necromancy
 * Level 0.3 Ice Magic
 * Level 0.2 Evocations


You couldn't memorise any spells.
You knew the following spells:

 Your Spells              Type           Power      Damage    Failure   Level
a - Necrotise             Necr           8%         1d4       16%         1
b - Freeze                Ice            8%         1d3       16%         1
c - Vampiric Draining     Necr           2%         2d6       43%         3

Your spell library contained the following spells:

 Spells                   Type           Power      Damage    Failure   Level
 Ozocubu's Armour         Ice            2%         N/A       43%         3
 Confusing Touch          Hex            0%         N/A       50%         3
 Agony                    Necr           2%         N/A       99%         5
 Yara's Violent Unravell  Hex/Tmut       0%         3d3       99%         5
 Enfeeble                 Hex            0%         N/A       100%        7
 Ozocubu's Refrigeration  Ice            1%         4d7       100%        7


Dungeon Overview and Level Annotations

Branches:
Dungeon (3/15)

Altars:
Vehumet


Innate Abilities, Weirdness & Mutations

Your serpentine skin is tough. (AC +1)
You have supernaturally acute eyesight. (SInv)
Armour fits poorly on your strangely shaped body.
Your system is resistant to poisons. (rPois)
You cover ground very slowly.
You can spit poison.
You have a snake-like lower body.
You possess an exceptional clarity of mind.
You are frail. (-10% HP)
Your magical capacity is low. (-10% MP)
You expend magic power (3 MP) to strengthen your wands.


Message History

Aim: a steam dragon (lightly wounded, very poisoned, slow, 59% to hit)
You throw a curare-tipped dart.
The curare-tipped dart barely misses the steam dragon.
Throw: 4 darts (curare)
Press: ? - help, Q - select action, (/) - cycle Shift-Dir - straight line, f/p - steam dragon
Aim: a steam dragon (lightly wounded, very poisoned, slow, 59% to hit)
You throw a curare-tipped dart.
The curare-tipped dart closely misses the steam dragon.
You hit the steam dragon but do no damage.
The steam dragon is lightly wounded.
The steam dragon bites you. The steam dragon completely misses you.
You closely miss the steam dragon.
The steam dragon is moderately wounded.
You hit the steam dragon but do no damage.
The steam dragon looks even sicker.
The steam dragon is moderately wounded.
The steam dragon bites you. The steam dragon claws you.
You closely miss the steam dragon.
The steam dragon is moderately wounded.
You barely miss the steam dragon.
The steam dragon is moderately wounded.
The steam dragon breathes steam at you. The ball of steam hits you!
You hit the steam dragon but do no damage.
The steam dragon is moderately wounded.
You are engulfed in a cloud of scalding steam.
* * * LOW HITPOINT WARNING * * *
It was a potion of flight.
You feel very buoyant.
You fly up into the air.
You are engulfed in a cloud of scalding steam.
* * * LOW HITPOINT WARNING * * *
The steam dragon closely misses you. The steam dragon claws you.
* * * LOW HITPOINT WARNING * * *
It was a potion of mutation.
You feel extremely strange.
You feel frail.
You feel your magical essence link to the dungeon's wands.
You feel less energetic.
Your thoughts seem clearer.
You are engulfed in a cloud of scalding steam.
You die...

.......###.#...# #...# ...
.......# #.#...# #.#.###.####
.......# #.'...#
###.§D.).g.... .......#
###...# #....##l##....
....)..# #...# #..###.#.# .
.......# #...# #..#?.. )..
.......# #...# #..###. .##.#
.......#############....##.##
..
..............§§@D.(...(......
.
.......#############)#.##..#..
.......# #.#... .# .......#
###.#######
######.###########<.........
#.............#.####### #
###.....#####.#.†...... #
#.###.# #.#..#####. ## #.# #.#
#.#..#


You could see a steam dragon (very poisoned, slow, catching breath).

Vanquished Creatures
  2 adders (D:3)
  2 dart slugs (D:3)
  An orc (D:3)
  3 ball pythons
  7 endoplasms
  4 giant cockroaches
  6 goblins
  6 hobgoblins
  2 quokkas (D:3)
  5 bats
  5 frilled lizards
  7 kobolds
  8 rats
58 creatures vanquished.

Vanquished Creatures (others)
  An endoplasm (D:3)
  A frilled lizard (D:3)
  A goblin (D:3)
3 creatures vanquished.

Grand Total: 61 creatures vanquished

Notes
Turn   | Place    | Note
-------+----------+-------------------------------------------
     0 | D:1      | ChrisAssaf the Naga Brigand began the quest for the Orb.
     0 | D:1      | Reached XP level 1. HP: 19/19 MP: 1/1
   141 | D:1      | Reached skill level 6 in Stealth
   150 | D:1      | Reached XP level 2. HP: 22/26 MP: 2/2
   613 | D:1      | Learned a level 1 spell: Necrotise
   634 | D:1      | Reached XP level 3. HP: 32/32 MP: 3/3
   763 | D:1      | Reached skill level 1 in Dodging
  1035 | D:2      | Found a faded altar of an unknown god.
  1080 | D:2      | Prayed at the altar of an unknown god.
  1080 | D:2      | Became a worshipper of Vehumet
  1080 | D:2      | Reached * piety under Vehumet
  1080 | D:2      | Offered knowledge of Freeze by Vehumet.
  1083 | D:2      | Learned a level 1 spell: Freeze
  1380 | D:2      | Reached skill level 7 in Stealth
  1512 | D:3      | Reached XP level 4. HP: 24/39 MP: 0/4
  2089 | D:3      | Reached skill level 1 in Spellcasting
  2099 | D:3      | Learned a level 3 spell: Vampiric Draining
  2173 | D:3      | Noticed a steam dragon
  2173 | D:3      | a gnoll changed into a steam dragon
  2457 | D:3      | Gained mutation: You are frail. (-10% HP) [potion of
                  | mutation]
  2457 | D:3      | Gained mutation: You expend magic power (3 MP) to
                  | strengthen your wands. [potion of mutation]
  2457 | D:3      | Gained mutation: Your magical capacity is low. (-10% MP)
                  | [potion of mutation]
  2457 | D:3      | Gained mutation: You possess an exceptional clarity of
                  | mind. [potion of mutation]
  2457 | D:3      | Engulfed by a steam dragon's steam

Illustrated notes

Levels and vault maps discovered:
D:1:      zelgadis_glass_arrival_small, layout_loops_cross
D:2:      layout_rooms, hellmonk_ecumenical_altar_slurped_away
D:3:      layout_basic, minmay_ruptured, uniq_crazy_yiuf_cottage

Skill      XL: |  1  2  3  4 |
---------------+-------------+-----
Stealth        | 6 7 |  7.2
Throwing       | 2 |  2.0
Dodging        | 1 |  1.1
Spellcasting   | 1 |  1.0
Fighting       | |  2.1
Short Blades   | |  2.2
Armour         | |  0.6
Necromancy     | |  0.3
Ice Magic      | |  0.3
Evocations     | |  0.2

Action                   |  1- 3 |  4- 6 || total
-------------------------+-------+-------++-------
Melee: Dagger            |    53 |    16 ||    69
Throw: Dart              |    13 |     8 ||    21
 Cast: Necrotise         |     6 |     5 ||    11
       Freeze            |     1 |     5 ||     6
 Abil: Spit Poison       |    22 |    12 ||    34
Evoke: Wand              |       |     1 ||     1
  Use: Scroll            |     8 |     1 ||     9
       Potion            |       |     2 ||     2
 Stab: Sleeping          |    16 |     2 ||    18
Armor: Robe              |    23 |    12 ||    35
Dodge: Dodged            |    31 |     9 ||    40
